 Dungeon Crawl Stone Soup version 0.19.1-1-g22dce08 (webtiles) character file.

392 OrDronus the Chiller (level 6, -7/42 HPs)
             Began as a Demonspawn Ice Elementalist on Jan 18, 2017.
             Hit by a stone thrown by an orc warrior (10 damage)
             ... on level 4 of the Dungeon.
             The game lasted 00:19:07 (5334 turns).

OrDronus the Chiller (Demonspawn Ice Elementalist)  Turns: 5334, Time: 00:19:08

Health: -7/42      AC:  5    Str:  8    XL:     6   Next: 51%
Magic:  10/12      EV: 12    Int: 19    God:
Gold:   153        SH:  0    Dex: 13    Spells: 3 memorised, 7 levels left

rFire  . . .     SeeInvis .     m - +0 trident
rCold  . . .     Gourm    .     a - +0 robe
rNeg   . . .     Faith    .     (no shield)
rPois  .         Spirit   .     (helmet restricted)
rElec  .         Reflect  .     (no cloak)
rCorr  .         Harm     .     i - +0 pair of gloves
MR     .....                    (no boots)
Stlth  +++.......               (no amulet)
                                (no ring)
                                (no ring)

@: no status effects
A: antennae 1, iridescent scales 1, nightstalker 1
a: no special abilities


You were on level 4 of the Dungeon.
You were very hungry.

You visited 1 branch of the dungeon, and saw 4 of its levels.

You collected 153 gold pieces.

Inventory:

Hand Weapons
 m - a +0 trident (weapon)
Armour
 a - a +0 robe (worn)
 d - a +1 shield
 i - a +0 pair of gloves (worn)
Scrolls
 f - 6 scrolls of identify
 g - a scroll of enchant armour
 p - a scroll of fog
Potions
 e - a potion of brilliance
 h - 2 potions of curing {unknown}
 o - a potion of berserk rage {unknown}
 s - a potion of degeneration {unknown}
Books
 b - a book of Frost

   Spells                             Type                      Level
   a - Freeze                         Ice                          1
   b - Throw Frost                    Conjuration/Ice              2
   c - Ozocubu's Armour               Charms/Ice                   3
   d - Throw Icicle                   Conjuration/Ice              4
   e - Summon Ice Beast               Ice/Summoning                4
Comestibles
 c - 6 bread rations
 j - 2 beef jerkies
 k - 3 fruits
 l - a royal jelly


   Skills:
 + Level 0.4 Fighting
 * Level 1.6 Polearms
 + Level 1.9 Dodging
 + Level 2.5 Stealth
 + Level 4.3 Spellcasting
 + Level 1.2 Conjurations
 + Level 0.3 Charms
 + Level 4.4 Ice Magic


You had 7 spell levels left.
You knew the following spells:

 Your Spells              Type           Power        Failure   Level  Hunger
a - Freeze                Ice            ###.         1%          1    None
b - Throw Frost           Conj/Ice       ##....       10%         2    #......
c - Ozocubu's Armour      Chrm/Ice       ##......     17%         3    ###....


Dungeon Overview and Level Annotations

Branches:
Dungeon (4/15)
 Temple: D:4-7

Altars:
Ashenzari
Gozag
Qazlal
Sif Muna
Vehumet
Yredelemnul
Zin
The Shining One

Shops:
D:4 *


Innate Abilities, Weirdness & Mutations

You have a pair of small antennae on your head.
You are partially covered in iridescent scales. (AC +2)
You are slightly more attuned to the shadows.


Message History

You see here a stone.
The orc warrior throws a stone.
The stone closely misses you.
You see here a stone.
You see here 17 arrows.
The orc warrior throws a stone.
The stone closely misses you.
You see here a stone.
The orc warrior throws a stone.
The stone hits you.
You see here a stone.
Your icy armour starts to melt.
The orc warrior throws a stone.
The stone hits you.
You see here a stone.
Your icy armour evaporates.
You see here a trident.
The orc warrior hits you with a flail! The orc warrior hits you with a flail!
* * * LOW HITPOINT WARNING * * *
The orc warrior throws a stone.
The stone closely misses you.
You see here a stone.
The orc warrior throws a stone.
The stone hits you!
You die...

##.##
##.......#)#.##.##
####
##.....##......# #
##...#####.#### #
##'## #.# # #.#
#.# # ##.# #.# #
##..## #.# #
##.#..#####.# #
#.###..(@...# #
####.#.o#######
#######......##
.....o..####.#
######### #.# #.#
#)# #.# #.#


You could see an orc warrior.

Vanquished Creatures
  3 orc priests
  An iguana (D:4)
  2 orc wizards
  A hound skeleton (D:4)
  11 adders
  An ooze (D:1)
  3 worms
  A dart slug (D:2)
  3 leopard geckos
  16 orcs
  A ball python (D:4)
  3 giant cockroaches
  5 goblins
  4 hobgoblins
  10 jackals
  4 kobolds (D:3)
  3 quokkas
  6 bats
  2 frilled lizards
  2 gnoll zombies (D:4)
  6 rats
88 creatures vanquished.

Notes
Turn   | Place    | Note
-------+----------+-------------------------------------------
     0 | D:1      | OrDronus the Demonspawn Ice Elementalist began the quest for the Orb.
     0 | D:1      | Reached XP level 1. HP: 13/13 MP: 3/3
   425 | D:1      | Gained mutation: You are partially covered in iridescent scales. (AC +2) [demonic ancestry]
   425 | D:1      | Reached XP level 2. HP: 19/19 MP: 0/5
   978 | D:2      | Gained mutation: You are slightly more attuned to the shadows. [demonic ancestry]
   978 | D:2      | Reached XP level 3. HP: 21/24 MP: 2/6
  1379 | D:2      | Found a stormy altar of Qazlal.
  1380 | D:2      | Noticed a fire elemental
  1533 | D:2      | Found a radiant altar of Vehumet.
  1886 | D:2      | Gained mutation: You have a pair of small antennae on your head. [demonic ancestry]
  1886 | D:2      | Reached XP level 4. HP: 30/30 MP: 4/8
  1939 | D:2      | Noticed an earth elemental
  1942 | D:2      | Noticed a water elemental
  1943 | D:2      | Noticed an air elemental
  2708 | D:3      | Noticed an orc warrior
  2748 | D:3      | Learned a level 2 spell: Throw Frost
  2752 | D:3      | Learned a level 3 spell: Ozocubu's Armour
  2973 | D:3      | Reached XP level 5. HP: 25/35 MP: 5/10
  3399 | D:3      | Found a glowing golden altar of the Shining One.
  3548 | D:3      | Found a deep blue altar of Sif Muna.
  3922 | D:4      | Found Giazu's General Store.
  4180 | D:4      | Found a basalt altar of Yredelemnul.
  4232 | D:4      | Found an opulent altar of Gozag.
  4243 | D:4      | Reached XP level 6. HP: 42/42 MP: 7/12
  4250 | D:4      | Reached skill level 1 in Polearms
  4516 | D:4      | Found a shattered altar of Ashenzari.
  4852 | D:4      | Found a glowing silver altar of Zin.
  5334 | D:4      | Hit by a stone thrown by an orc warrior

Skill      XL: |  1  2  3  4  5  6 |
---------------+-------------------+-----
Ice Magic      | 3 4 |  4.4
Stealth        | 2 |  2.5
Spellcasting   | 3 4 |  4.3
Polearms       | 1 |  1.6
Fighting       | |  0.4
Dodging        | |  1.9
Conjurations   | |  1.2
Charms         | |  0.3

Action                   |  1- 3 |  4- 6 || total
-------------------------+-------+-------++-------
Melee: Trident           |       |    21 ||    21
 Cast: Freeze            |    54 |   112 ||   166
       Throw Frost       |       |    10 ||    10
       Ozocubu's Armour  |       |     4 ||     4
  Use: Scroll            |       |     5 ||     5
  Eat: Chunk             |     3 |    10 ||    13
Armor: Robe              |    13 |    19 ||    32
Dodge: Dodged            |    21 |    68 ||    89
